[Event "Romanian Team Blitz Open 2022"]
[Site "Sebes"]
[Date "2022.12.04"]
[Round "2.25"]
[White "Saioc, David"]
[Black "Nastase, Robert-Paul"]
[Result "0-1"]
[ECO "A04"]
[WhiteElo "2026"]
[BlackElo "2229"]
[Annotator "TA"]
[PlyCount "116"]
[EventDate "2022.12.04"]
[EventType "blitz"]
[EventCountry "ROU"]
[SourceTitle "playchess.com"]
[Source "ChessBase"]
[SourceQuality "1"]
[TimeControl "180+2"]

1. Nf3 f5 2. d3 d6 3. e4 e5 4. g3 c5 5. Bg2 Nf6 6. Nc3 {[%emt 0:00:05] A04: Unusual lines after 1 Nf3 and King's Indian Attack.} Nc6 7. O-O Be7 8. Re1 {[%emt 0:00:05] The position is equal.} O-O 9. Bg5 (9. Nh4 {feels stronger.}) 9... h6 $11 10. Bxf6 Bxf6 11. Nd5 {[%emt 0:00:03] [#]} Be6 $146 ({Predecessor:} 11... g5 12. c3 Bg7 13. Qb3 Rf7 14. Rf1 Be6 15. exf5 Bxf5 16. Qc2 c4 17. Ne1 Qa5 {½-½ (28) Schmalhorst,S (1859)-Kolker,V (2100) Heusenstamm 2009}) 12. Nxf6+ Qxf6 13. exf5 $1 Bxf5 14. Nd2 (14. Re3 {simplifies} Bg4 15. Qf1 Nb4 16. Ne1) 14... Bg4 15. Qxg4 $14 Qxf2+ 16. Kh1 Qxd2 17. Bxc6 (17. Qe6+ $16 Kh8 18. Rf1) 17... bxc6 $11 18. Re2 {[%emt 0:00:01] Inhibits Rf2.} Qb4 $36 {[%emt 0:00:15][%mdl 2048] Black is more active.} 19. Qe6+ Kh8 (19... Kh7 {simplifies} 20. Qxd6 Qxb2 21. Qxe5 Qxe5 22. Rxe5 Rf2) 20. Qxd6 Qxb2 21. Qxe5 Rab8 22. Rae1 c4 23. dxc4 Qxa2 24. Qd6 (24. Qc3 $11) 24... Qxc4 $17 25. Qd2 {[%emt 0:00:03] Inhibits a5.} (25. Re6 $17) 25... Rfd8 (25... Rbd8 $1 $19 26. Qe3 a5) 26. Qe3 Qd5+ 27. Kg1 Rb7 (27... a5 $17 28. Qc3 Qd4+ 29. Qxd4 Rxd4) 28. Qf2 Rf7 {[%emt 0:00:05] Black is more active.} 29. Re8+ Rxe8 30. Rxe8+ {[%emt 0:00:01][%mdl 4096] Endgame KQR-KQR} Kh7 31. Qe2 Qd4+ 32. Kg2 Qd5+ 33. Kg1 $1 Rb7 ({Black should try} 33... Rd7 $17 {aiming for ...Qd1+.} 34. c4 Qd1+ 35. Qe1 Rd4 36. Qxd1 Rxd1+ 37. Kg2 Rd4) 34. Re5 (34. Qe4+ $15 Qxe4 35. Rxe4) 34... Qd4+ (34... Rb1+ $17 35. Kf2 Rh1 $1) 35. Kg2 $15 Rf7 (35... Rb2 $15) 36. Re6 {[%emt 0:00:05] [#]} (36. Re8 $11 {remains equal.}) 36... Rf2+ $3 $17 37. Qxf2 {[%emt 0:00:03] Threatening mate with Qf5+.} Qd5+ 38. Qf3 Qxe6 {[%emt 0:00:02] KQ-KQ} 39. Qd3+ Qg6 40. Qd2 (40. Qc4 $17) 40... Qe4+ $19 41. Kf2 Qd5 $2 (41... Qf5+ $19 42. Ke2 Qh5+ 43. Kf1 Qd5) 42. Qe3 $2 (42. Qxd5 $11 cxd5 43. Ke3) 42... a5 {[%emt 0:00:02] And now ...Qf5+ would win.} 43. Qc3 (43. Qa3 $142) 43... Kg6 (43... a4 $19 {has better winning chances. Hoping for ...Qd6.} 44. Ke3 c5) 44. Ke1 $2 (44. Ke3 $17) 44... Qe4+ $2 ({Better is} 44... Qh1+ $19 45. Kd2 Qxh2+ 46. Kc1 Qh1+ 47. Kb2 Qe4) 45. Kd2 $15 a4 ({Black should play} 45... Qg2+ $15 46. Kc1 Qd5) 46. Kc1 $1 $11 Kf7 47. Kb2 g6 48. Qc5 Ke6 49. Ka3 h5 50. Qc3 Kf5 {[%emt 0:00:01] ...Kg4 is the strong threat.} 51. Qc5+ $2 {[%emt 0:00:02][%mdl 8192] [#]} (51. h3 $11) 51... Kg4 $1 $19 52. Qf2 Kh3 (52... Qf3+ $142 53. Qxf3+ Kxf3 54. Kxa4 Kg2 55. h4 Kxg3 56. Kb4 Kxh4 57. Kc5 Kg4 58. Kd6 h4 59. Kxc6 h3 60. Kd6 Kf4 61. c3 h2 62. Kd7 h1=Q 63. Kd6 Qa1 64. Kc6 Qxc3+ 65. Kd6 Qc4 66. Ke7 Kf5 67. Kd6 Kf6 68. Kd7 Qc5 69. Kd8 Ke6 70. Ke8 Qe7#) 53. Qd2 Qc4 54. Qf2 Qe4 55. Qd2 c5 {[%emt 0:00:02] Black is clearly winning.} 56. Ka2 Qc4+ 57. Ka1 Qb4 58. Qf2 a3 {[%emt 0:00:02] Weighted Error Value: White=0.62/Black=0.56} 0-1

[Event "Romanian Team Blitz Open 2022"]
[Site "Sebes"]
[Date "2022.12.04"]
[Round "2.26"]
[White "Daianu, Cristian-Clement"]
[Black "Tariceanu, Victor"]
[Result "1/2-1/2"]
[ECO "B04"]
[WhiteElo "2189"]
[BlackElo "1720"]
[Annotator "TA"]
[PlyCount "143"]
[EventDate "2022.12.04"]
[EventType "blitz"]
[EventCountry "ROU"]
[SourceTitle "playchess.com"]
[Source "ChessBase"]
[SourceQuality "1"]
[TimeControl "180+2"]

1. e4 Nf6 2. e5 Nd5 3. d4 d6 4. Nf3 g6 5. Bc4 Nb6 6. Bb3 Bg7 7. Ng5 d5 8. e6 {[%emt 0:00:00] B04: Alekhine's Defence: 4 Nf3.} (8. f4 $14) 8... Bxe6 $15 9. Nxe6 fxe6 10. O-O {[%emt 0:00:00] [#] Black is slightly better.} O-O $146 ({Predecessor:} 10... Nc6 11. c3 Qd6 12. f4 O-O-O 13. a4 Nd7 14. Qe2 g5 15. Na3 a6 16. fxg5 e5 17. dxe5 Bxe5 {½-½ (39) Omidi,A (2415)-Manafov,V (2240) Abu Dhabi 2017}) 11. c3 c6 (11... Qd6 $11) 12. Qe2 $14 Qd6 13. Re1 e5 (13... N8d7 $11) 14. dxe5 $16 Qc7 15. e6 (15. f4 $16) 15... Na6 16. Bg5 Nc5 (16... Rf5 $5 17. Be3 c5 $11) 17. Bc2 (17. Nd2 $11) 17... Bf6 (17... d4 $1 $17) 18. Bh6 (18. Be3 $16 Qd6 19. Qg4) 18... Bg7 $11 19. Bxg7 Kxg7 20. Nd2 (20. Qe3 $5 Qd6 21. Nd2 $11) 20... Rf6 21. Qg4 Qd6 (21... Qf4 {simplifies} 22. Qxf4 Rxf4 23. Re2 Rd8) 22. Nf3 Nxe6 23. Rad1 (23. Ne5 $1 $11 {should be considered.}) 23... Raf8 $15 24. Rd3 Nc5 (24... h5 $15 25. Qg3 Nc4) 25. Rde3 $14 {[%emt 0:00:00][%mdl 1024] White has compensation.} Nc8 ({Black should play} 25... Re8 $11) 26. h4 (26. Qh3 $5 ) 26... Kh8 ({Better is} 26... a5 $14) 27. Re5 (27. b4 $16 Nd7 28. h5 gxh5 29. Qxh5) 27... Nd7 $36 {[%emt 0:00:20][%mdl 2048] Black has some pressure.} 28. R5e3 Nc5 (28... e5 $11 29. Nxe5 Nxe5 30. Rxe5 Rf4) 29. b4 $1 $16 Nd7 30. R1e2 {[%emt 0:00:00] White is more active.} (30. h5 $1 $16 {[%cal Rh5g6] Black must now prevent hxg6.} gxh5 31. Qh3 (31. Qxh5 Rh6 $14)) 30... b6 (30... Ndb6 $14) 31. Nd4 $2 (31. h5 $16 {keeps the pressure on. Hoping for hxg6.} gxh5 32. Qh3 (32. Qxh5 Rh6 $14)) 31... e5 $19 32. Nf3 e4 33. Ng5 Ne5 34. Qg3 (34. Qh3 {was the only chance.} Qd7 35. Qxd7 Nxd7 36. b5) 34... h6 $2 (34... Nc4 $19 35. Nxe4 dxe4 36. Rxe4 Qxg3 37. fxg3 N4d6) 35. Nh3 $2 (35. Nxe4 $17 {is tougher.} dxe4 36. Rxe4) 35... Nc4 36. Qxd6 N8xd6 37. Rg3 Nf5 {[%emt 0:00:08] Pair of Knights!} 38. Rg4 Ne5 39. Rf4 Nd6 40. Rxf6 Rxf6 41. f3 Nec4 $2 ({But not} 41... exf3 42. Rxe5 fxg2 43. Kxg2 $18) (41... Nb5 $19 42. fxe4 Nxc3) 42. fxe4 $11 dxe4 43. Bxe4 Re6 44. Bd3 Rxe2 45. Bxe2 $15 {[%emt 0:00:02][%mdl 4096] Endgame KBN-KNN} Kg7 46. Kf2 (46. Nf2 $11 {keeps the balance.}) 46... Kf6 (46... Ne4+ $1 $17 47. Ke1 b5) 47. g4 (47. Bxc4 $11 Nxc4 48. Kf3) 47... g5 (47... Ne4+ $15 48. Kf3 Ncd6) 48. hxg5+ $11 hxg5 49. Ng1 (49. Kf3 $11) 49... Ne5 ({Black should try} 49... Ne4+ $1 $17 50. Kf3 Ncd6) 50. Kg3 $2 (50. Ke3 $1 $11 {and White stays safe.}) 50... Ne4+ $19 51. Kg2 Nxc3 52. Bf3 $2 (52. a3) 52... Nxf3 53. Kxf3 Nxa2 {[%emt 0:00:00] KN-KN} 54. Ke4 Nxb4 {[%emt 0:00:02] ...a5 is the strong threat.} 55. Ne2 c5 56. Nc3 Nc6 57. Kd5 Ne7+ 58. Kd6 {[%emt 0:00:03] [#]} c4 $2 (58... Nf5+ $1 $19 {and Black stays clearly on top.} 59. Kd5 (59. Kc6 Ne3) 59... Ne3+ 60. Ke4 Nxg4 61. Nd5+ Ke6 62. Nc7+ Kd7) 59. Ne4+ $17 Kf7 60. Nxg5+ Ke8 (60... Kg6 $19 61. Nf3 Nc8+ 62. Kd5 c3) 61. Ne4 {[%emt 0:00:03] [#]} b5 (61... Kf8 $1 $17 {With the idea ...b5.} 62. Nc3 Kf7) 62. Kc5 $11 {[%emt 0:00:01] The position is equal.} a6 {[%emt 0:00:01] aiming for ...Kd7.} 63. Kb6 $1 Nd5+ 64. Kxa6 b4 (64... c3 {simplifies} 65. Nxc3 Nxc3 66. Ka5 Kf7) 65. Kb5 c3 {[%emt 0:00:03] ( -> ...c2)} (65... Nc3+ {simplifies} 66. Kxc4 Nxe4 67. Kxb4 Ke7) 66. Nc5 c2 67. Nb3 $1 Ke7 (67... Nc3+ {simplifies} 68. Kxb4 Ne2 69. Ka3 c1=Q+) 68. Kc4 Ne3+ 69. Kxb4 Nxg4 70. Kc3 Ne3 71. Kd2 Nc4+ 72. Kxc2 {[%emt 0:00:01] Black had all chances to win.   Weighted Error Value: White=0.72/Black=0.64} 1/2-1/2

[Event "Romanian Team Blitz Open 2022"]
[Site "Sebes"]
[Date "2022.12.04"]
[Round "2.27"]
[White "Calugareanu, Ioana-Denisa"]
[Black "Vrencian, Lehel"]
[Result "0-1"]
[ECO "A53"]
[WhiteElo "1396"]
[BlackElo "2226"]
[Annotator "TA"]
[PlyCount "76"]
[EventDate "2022.12.04"]
[EventType "blitz"]
[EventCountry "ROU"]
[SourceTitle "playchess.com"]
[Source "ChessBase"]
[SourceQuality "1"]
[TimeControl "180+2"]

1. d4 Nf6 2. c4 d6 3. g3 e5 4. Nf3 e4 5. Nfd2 c6 $1 6. Nc3 {[%emt 0:00:04] A53: Old Indian Defence without Nf3.} d5 7. Bg2 Be7 8. O-O {[%emt 0:00:06] The position is equal.} O-O 9. e3 {[%emt 0:00:08] [#]} a6 $146 ({Predecessor:} 9... Bg4 10. Qb3 Bc8 11. cxd5 cxd5 12. f3 exf3 13. Bxf3 Nc6 14. Nxd5 Na5 15. Nxe7+ Qxe7 {1-0 (34) Vilke,F (1849)-Volf,Z (1784) Chess.com INT 2021}) 10. cxd5 cxd5 11. f3 exf3 12. Bxf3 (12. Nxf3 $11 Nc6 13. Ne5) 12... Bh3 $15 13. Re1 Nc6 14. Qe2 Re8 15. Bg2 ({White should play} 15. a3) 15... Bxg2 $17 16. Qxg2 Bb4 {[%emt 0:00:00] aiming for ...Nxd4.} 17. Nf3 Rc8 (17... Na5 $19 18. Bd2 Nc4) 18. a3 {[%emt 0:00:08] This costs White the game.} (18. Bd2 $17) 18... Bxc3 $19 19. bxc3 Na5 20. Rb1 b5 21. Bb2 Nc4 22. Nd2 Nxb2 (22... Nxe3 $2 {loses.} 23. Qf2 Nc4 24. Rxe8+ Qxe8 25. Nxc4 bxc4 26. Ba1 $19) (22... Rxe3 $2 {too greedy.} 23. Rxe3 Nxe3 24. Qf3 $19) 23. Rxb2 Rxc3 24. Rb3 Rc2 {[%emt 0:00:00] [#] ...Ne4 is the strong threat.} 25. Qe2 $2 (25. Re2) 25... Ne4 26. Rd3 Qa5 27. Rd1 Nc3 28. Rxc3 Qxc3 29. Kf2 Qxa3 30. Qf3 Qb4 31. Qe2 g6 32. h3 a5 33. Rb1 Qxd2 {[%emt 0:00:00] Black mates.} 34. Qxd2 Rxd2+ 35. Ke1 Rh2 36. Rxb5 Rxe3+ 37. Kf1 Ra3 38. Rxd5 Ra1# {Weighted Error Value: White=1.00/Black=0.23 (precise)} 0-1

[Event "Romanian Team Blitz Open 2022"]
[Site "Sebes"]
[Date "2022.12.04"]
[Round "2.28"]
[White "Craciun, Sasha-Matei"]
[Black "Dragut, Stefan-Cristian"]
[Result "1-0"]
[ECO "C10"]
[WhiteElo "2001"]
[BlackElo "1217"]
[Annotator "TA"]
[PlyCount "75"]
[EventDate "2022.12.04"]
[EventType "blitz"]
[EventCountry "ROU"]
[SourceTitle "playchess.com"]
[Source "ChessBase"]
[SourceQuality "1"]
[TimeControl "180+2"]

1. e4 e6 2. d4 d5 3. Nc3 dxe4 4. Nxe4 Bd7 5. Bd3 Bc6 6. Nf3 Nd7 7. Qe2 Ngf6 8. Bd2 Nxe4 {8...Nxe4 scores better than 8...Be7. C10: French with 3 Nc3: Unusual Black 3rd moves and 3...dxe4.} 9. Bxe4 Bxe4 10. Qxe4 c6 {[%emt 0:00:00] White has an edge.} 11. O-O Nf6 12. Qd3 Bd6 13. Rfe1 {[%emt 0:00:04] [#]} O-O $146 ({Predecessor:} 13... h6 14. c4 O-O 15. Rad1 Qc7 16. c5 Be7 17. Ne5 Rad8 18. b4 Nd5 19. Qg3 Kh7 {½-½ (41) Schmitz,P-Kneutgen,A (2111) Bergisch Gladbach 2009}) 14. a4 c5 15. dxc5 Bxc5 16. Qb5 $1 Qb6 17. Qxb6 Bxb6 18. Bb4 {[%emt 0:00:01][%cal Oa4a5] [#] a5! is the strong threat.} Rfc8 19. c3 Bc5 20. Bxc5 Rxc5 21. Rad1 Rd5 22. Rxd5 Nxd5 $11 {[%emt 0:00:01][%mdl 4096] Endgame KRN-KRN} 23. Rd1 g6 24. a5 (24. c4 $5 Nf6 25. Ne5 $11) 24... b6 25. c4 Nf6 26. a6 Rc8 27. b3 Kg7 28. Ne5 Rc7 (28... Rc5 $1 $11 29. f4 Ra5) 29. b4 $16 {[%emt 0:00:16] White is more active.} Ne4 $2 {[%emt 0:00:17] Loses the game.} (29... b5 $16) 30. f3 Nf6 (30... Kf6 {was called for.}) 31. Rd8 $18 {[%emt 0:00:01] White is clearly winning.} Nh5 32. b5 f6 (32... Rc5 $142 33. Nc6 Rxc4 34. Nxa7 Nf4) 33. Rd7+ Rxd7 34. Nxd7 Nf4 {[%emt 0:00:13] [#]} 35. Nxb6 $1 Nd3 (35... e5 36. Nc8) 36. Nc8 Ne5 37. b6 axb6 38. a7 {[%emt 0:00:01] Weighted Error Value: White=0.07 (flawless) /Black=0.32} 1-0

[Event "Romanian Team Blitz Open 2022"]
[Site "Sebes"]
[Date "2022.12.04"]
[Round "2.29"]
[White "Miron, Toma"]
[Black "Macarie, Maia-Elisabeta"]
[Result "1-0"]
[ECO "A00"]
[WhiteElo "2188"]
[BlackElo "1100"]
[Annotator "TA"]
[PlyCount "99"]
[EventDate "2022.12.04"]
[EventType "blitz"]
[EventCountry "ROU"]
[SourceTitle "playchess.com"]
[Source "ChessBase"]
[SourceQuality "1"]
[TimeControl "180+2"]

1. g4 d5 2. Bg2 Nf6 3. h3 e5 4. d3 Nc6 5. c3 Be6 {[%emt 0:00:02] [#]} 6. e3 $146 {[%emt 0:00:03] A00: Irregular Openings.} ({Predecessor:} 6. Qb3 Rb8 7. Nf3 Be7 8. Ng5 Bd7 9. Nf3 Be6 10. Ng5 Bd7 11. Nf3 {½-½ (11) Fischer,A-Broszeit,J freechess.de 2015}) 6... Bd6 7. f4 e4 8. g5 {[%emt 0:00:11] Black is better.} Nd7 9. dxe4 dxe4 10. Bxe4 Nb6 11. b3 f6 (11... h6 $17 12. h4 Qd7) 12. h4 (12. Qh5+ $11 Kf8 13. gxf6 (13. Bxh7 $2 fxg5 14. Qg6 Bf7 $19) 13... Qxf6 14. Ne2 (14. Bxh7 $2 Bg8 $19)) 12... Qe7 (12... Qd7 $17) 13. Qf3 $15 Bd7 14. gxf6 (14. Qh5+ $11 {keeps the balance.} Kf8 15. Bd3 (15. Bxh7 $2 g6 $19) (15. Nd2 f5 $17)) 14... gxf6 $17 15. Ne2 {[%emt 0:00:05] [#]} (15. a4 $142 a5 16. Ne2) 15... O-O-O $1 16. Bb2 (16. Rg1 $17) 16... Rde8 (16... Bc5 $19 {aiming for ...Rhg8.} 17. Ng3 Kb8) 17. Nd2 f5 18. Bxc6 (18. Bd3 $17) 18... Bxc6 $19 19. e4 fxe4 (19... Bxe4 $2 20. Nxe4 Qxe4 21. Qxe4 Rxe4 22. Bc1 $19) 20. Qh3+ Kb8 21. c4 {[%emt 0:00:08] Prevents e3.} Rhg8 {[%emt 0:00:06] ...e3 is the strong threat.} 22. Qe3 Bc5 23. Nd4 Bd7 $36 {[%emt 0:00:21][%mdl 2048] And now ...Bg4 would win. Black is really pushing.} 24. O-O-O Ba3 (24... Nc8 $19 {White must now prevent ...Nd6.} 25. Bc3 Nd6) 25. Qc3 $2 ({Wrong is} 25. Bxa3 $2 Qxa3+ 26. Kc2 Rg2 $19) (25. Kb1 $17) 25... e3 26. N2f3 Bg4 $2 ({Better is} 26... Rg2 $19 27. Nc2 Bxb2+ 28. Kxb2 Qe4) 27. Rd3 $2 (27. Ne5 $1 $15 Bb4 28. Qxe3 Bxd1 29. Rxd1) 27... e2 $2 (27... Bb4 $19 {has better winning chances.} 28. Qc2 Qe4) 28. Re1 $2 (28. Bxa3 $17 Qxa3+ 29. Kb1) 28... Bb4 29. Rxe2 Bxc3 {[%emt 0:00:09] This pair of bishops is nice.} 30. Rxe7 Bxb2+ ({Weaker is} 30... Rxe7 31. Bxc3 Nd7 32. Ne5 Nxe5 33. fxe5 $17) 31. Kxb2 Rxe7 32. Ne5 Bc8 $2 (32... Reg7 33. Rg3 c5) 33. a4 $2 (33. Nec6+ bxc6 34. Nxc6+ Kb7 35. Nxe7 Rg2+ 36. Kc3) 33... Nd7 $2 (33... Rg2+ 34. Ka3 Reg7) 34. Ndf3 $2 (34. Ndc6+ bxc6 35. Nxc6+ Kb7 36. Nxe7) 34... Rg3 35. Nxd7+ Rxd7 36. Re3 Rg2+ 37. Kc3 Rg3 $2 (37... Rf7 $19 38. Ne1 Rh2) 38. c5 $2 (38. Kb2 $11 Rf7 39. Rc3) 38... b6 39. c6 Rd6 {[%emt 0:00:03][%cal Od6d8] Strongly threatening ...Rd8!} 40. b4 Rxc6+ 41. Kd4 Rd6+ 42. Kc4 Bb7 $2 (42... Be6+ $19 43. Rxe6 Rxe6) 43. Re8+ $11 Bc8 44. Ne5 (44. Re3 $11 Be6+ 45. Rxe6 Rxe6 46. f5) 44... Kb7 $19 {[%emt 0:00:07] ( -> ...Bh3)} 45. Rf8 Rh3 (45... Be6+ $142 46. Kb5 a6#) 46. b5 Rxh4 (46... Be6+ $142 47. Kb4 Rb3#) 47. Nc6 Be6+ 48. Kc3 Rh3+ 49. Kc2 Ra3 $4 {[%emt 0:00:05][%mdl 8192] [#]} (49... Bb3+ {and life is good for Black.} 50. Kc1 Rd1+ 51. Kb2 Rd2+ 52. Kc1 Rc2+ 53. Kd1 Rh1#) 50. Rb8# {[%emt 0:00:49] Weighted Error Value: White=1.43/Black=1.17} 1-0

[Event "Romanian Team Blitz Open 2022"]
[Site "Sebes"]
[Date "2022.12.04"]
[Round "2.30"]
[White "Burja-Udrea, Razvan-Andrei"]
[Black "Campian, Cristian"]
[Result "1-0"]
[ECO "B22"]
[WhiteElo "1365"]
[BlackElo "1998"]
[Annotator "TA"]
[PlyCount "55"]
[EventDate "2022.12.04"]
[EventType "blitz"]
[EventCountry "ROU"]
[SourceTitle "playchess.com"]
[Source "ChessBase"]
[SourceQuality "1"]
[TimeControl "180+2"]

1. e4 c5 2. Nf3 Nc6 3. c3 d5 4. exd5 Qxd5 5. d4 e6 6. Be3 cxd4 7. Nxd4 Nxd4 {[%emt 0:00:02] B22: Sicilian: 2 c3.} 8. Qxd4 Qxd4 9. Bxd4 Nf6 {[%emt 0:00:04] The position is equal.} 10. Nd2 Bd7 11. O-O-O Bc6 12. Nf3 Be7 {[%emt 0:00:07] [#]} 13. Be2 $146 (13. Ne5 $14 {might be stronger.}) ({Predecessor:} 13. Ne5 Bd5 14. Bb5+ Kf8 15. f3 Bxa2 16. g4 a6 17. Bd3 Bd5 18. Rhf1 Bd6 19. g5 Bxe5 20. Bxe5 {0-1 (47) Lauer,F (1187)-Koepcke,K (1402) LSS email 2017}) 13... O-O $11 14. h4 a6 15. h5 (15. Rhg1 $11) 15... Nd5 ({Better is} 15... Rfd8 $15) 16. h6 (16. Ne5 $5 ) 16... g6 (16... Nf4 $5 17. hxg7 Nxe2+ 18. Kd2 Rfd8 19. Kxe2 f6 $11) 17. Ne5 Nf4 18. Bf3 ({White should play} 18. Nxc6 $11 Nxe2+ 19. Kd2 bxc6 20. Kxe2) 18... Bxf3 $15 19. gxf3 Ne2+ 20. Kb1 {[%emt 0:00:00] [#]} (20. Kc2 $1 $11 {remains equal.} Nxd4+ 21. Rxd4) 20... Nxd4 $1 $17 21. cxd4 (21. Rxd4 $142 Rfd8 22. Nd7) 21... Rfd8 22. Nc4 Rac8 23. Ne3 Bf6 (23... f5 $142 24. d5 Kf7) 24. d5 exd5 25. Nxd5 {[%emt 0:00:00] Black is slightly better.} Rd6 26. Nxf6+ Rxf6 27. Rh3 Kf8 28. Rd7 {[%emt 0:00:00][%mdl 32768] Weighted Error Value: White=0.26 (precise) /Black=0.21 (precise) . Loss on time!?} 1-0

[Event "Romanian Team Blitz Open 2022"]
[Site "Sebes"]
[Date "2022.12.04"]
[Round "2.31"]
[White "Sandru, Nicolae"]
[Black "Simina, Alexandru-Ioan"]
[Result "1-0"]
[ECO "D00"]
[WhiteElo "1647"]
[BlackElo "1244"]
[Annotator "NA RC COMBH"]
[PlyCount "93"]
[EventDate "2022.12.04"]
[EventType "blitz"]
[EventCountry "ROU"]
[SourceTitle "playchess.com"]
[Source "ChessBase"]
[SourceQuality "1"]
[TimeControl "180+2"]

1. d4 d5 2. Bf4 Nf6 3. e3 a6 4. c3 Bf5 5. Bd3 Bxd3 6. Qxd3 c5 7. Nd2 e6 8. Ngf3 cxd4 9. exd4 Nc6 10. O-O Bd6 11. Ne5 O-O 12. Rfe1 Bxe5 13. dxe5 Nd7 14. h3 b5 15. Qg3 Re8 16. Nf3 f6 17. exf6 Nxf6 18. Bg5 Nh5 19. Qh4 Nf6 20. Rad1 Rf8 21. Rxe6 Qd7 22. Re2 Rae8 23. Ree1 Ne5 24. Nxe5 Qe7 25. f4 h6 26. Bxf6 gxf6 27. Nf3 Qg7 28. Nd4 Rxe1+ 29. Rxe1 Rd8 30. Ne6 Qd7 31. Qxf6 Qf7 32. Qxh6 Qh7 33. Qxh7+ Kxh7 34. Nxd8 b4 35. cxb4 d4 36. Rd1 a5 37. bxa5 Kg6 38. Rxd4 Kf5 39. a6 Kf6 40. a7 Ke7 41. a8=Q Ke8 42. Nc6+ Kf7 43. Qd8 Ke6 44. Qd6+ Kf7 45. Re4 Kg7 46. Re7+ Kf8 47. Qd8# 1-0

[Event "Romanian Team Blitz Open 2022"]
[Site "Sebes"]
[Date "2022.12.04"]
[Round "2.32"]
[White "Simina, Andrei-Petru"]
[Black "Tarciuc, Ianis-Mihai"]
[Result "1-0"]
[ECO "A48"]
[WhiteElo "1033"]
[BlackElo "1642"]
[Annotator "NA RC COMBH"]
[PlyCount "103"]
[EventDate "2022.12.04"]
[EventType "blitz"]
[EventCountry "ROU"]
[SourceTitle "playchess.com"]
[Source "ChessBase"]
[SourceQuality "1"]
[TimeControl "180+2"]

1. d4 Nf6 2. Nc3 g6 3. Nf3 Bg7 4. Bf4 d6 5. e3 Nbd7 6. Bb5 O-O 7. Bxd7 Bxd7 8. Bg5 Re8 9. Bxf6 Bxf6 10. O-O e5 11. dxe5 dxe5 12. Nd5 Bc6 13. Nxf6+ Qxf6 14. Qe2 Bxf3 15. Qxf3 Qxf3 16. gxf3 Rad8 17. Rad1 Kf8 18. Rd3 Rxd3 19. cxd3 Rd8 20. Rd1 Ke7 21. Kf1 Rd6 22. Ke2 f5 23. Rc1 Kd7 24. Rc5 Re6 25. Ra5 a6 26. Rd5+ Ke7 27. Rc5 Kd6 28. Rc4 g5 29. Rb4 b6 30. f4 gxf4 31. exf4 exf4+ 32. Kf3 Rh6 33. Rxf4 Ke5 34. Rc4 c5 35. h4 Rd6 36. Rc3 Rd4 37. Ra3 a5 38. Rb3 Rxh4 39. Rxb6 Rd4 40. Rb5 Rxd3+ 41. Ke2 Rd5 42. Rxa5 h5 43. Ra4 Rd6 44. Rh4 Rh6 45. Ke3 Kd5 46. Kd3 Ke5 47. Ke3 c4 48. Rxc4 h4 49. Rc1 h3 50. Rh1 f4+ 51. Kf3 Rb6 52. b3 1-0

[Event "Romanian Team Blitz Open 2022"]
[Site "Sebes"]
[Date "2022.12.04"]
[Round "3.1"]
[White "Soltanici, Ruslan"]
[Black "Lupulescu, Constantin"]
[Result "0-1"]
[ECO "B66"]
[WhiteElo "2357"]
[BlackElo "2591"]
[Annotator "TA"]
[PlyCount "50"]
[EventDate "2022.12.04"]
[EventType "blitz"]
[EventCountry "ROU"]
[SourceTitle "playchess.com"]
[Source "ChessBase"]
[SourceQuality "1"]
[TimeControl "180+2"]

1. e4 c5 2. Nf3 d6 3. d4 cxd4 4. Nxd4 Nf6 5. Nc3 Nc6 6. Bg5 e6 7. Qd2 a6 8. O-O-O Be7 9. f3 Nxd4 10. Qxd4 b5 {[%emt 0:00:09] B66: Sicilian: Richter-Rauzer: 7...a6 8 0-0-0 h6.} 11. h4 h6 $5 {[%emt 0:00:15][%mdl 4] Leaves trodden paths.} 12. Be3 Bb7 {[%emt 0:00:01] The position is equal.} 13. g4 (13. Be2 {with more complications.} Qc7 14. g4 d5 15. exd5 e5 16. Qb6) 13... d5 14. exd5 Nxd5 15. Nxd5 (15. Qxg7 $2 Bf6 $19) 15... Bxd5 16. Be2 (16. Qxg7 $2 Bf6 $19) (16. Bd3 $11) 16... Bxh4 $2 {[%emt 0:00:37] [#]} (16... Rc8 $15) 17. Rxh4 $146 ({Predecessor:} 17. Kb1 Bf6 18. Qb4 Be7 19. Qd4 Qa5 20. a3 b4 21. Qxg7 Rf8 22. Rxd5 Qxd5 23. Rd1 Qb7 24. a4 b3 25. c3 Qc6 26. Bxh6 Qxa4 27. Qh7 Qa2+ {0-1 (27) Repkova,E-Kramnik,V (2751) ICC INT 1999}) 17... Qxh4 18. Qxg7 O-O-O 19. a4 ({Resist} 19. Qxf7 Rd7 20. Qf4 Rhd8 $14) ({White should try} 19. Qc3+ $16 Kb7 20. Qd4 (20. Qc5 Qh2 $16)) 19... Qh2 $11 (19... bxa4 $2 20. Bxa6+ Kc7 21. Qc3+ Kd7 22. Bb5+ Ke7 23. Bc5+ Rd6 24. Qxh8 $18) 20. Qc3+ Qc7 {[%emt 0:00:08] [#] aiming for ...Qxc3.} 21. Qa3 (21. Bc5 $11) 21... Bc4 $17 22. Bxc4 {[%emt 0:00:03] White does not recover from this.} (22. Rxd8+ $17 {was the only chance.} Rxd8 23. Bd1) 22... Rxd1+ $19 ({Inferior is} 22... bxc4 23. Rh1 $17) 23. Kxd1 {[%emt 0:00:01] Bd3 is the strong threat.} Qxc4 24. b3 $2 (24. axb5 Qf1+ 25. Kd2 Rd8+ 26. Kc3 Qxb5 27. Qc5+ Qxc5+ 28. Bxc5) 24... Qf1+ 25. Kd2 Rd8+ {[%emt 0:00:01] Weighted Error Value: White=1.11/Black=0.25 (precise)} ({And not} 25... Qxf3 26. Qc5+ Kd7 27. Qa7+ Kd6 28. Qc5+ Kd7 29. Qa7+ Kd6 30. Qc5+ Kd7 $11) 0-1